 Dungeon Crawl Stone Soup version 0.18-a0-19-g8b99b3a (webtiles) character file.

856 mrath the Shield-Bearer (level 7, 0/61 HPs)
             Began as a Minotaur Fighter on Nov 2, 2015.
             Succumbed to poison (a potion of poison)
             ... on level 3 of the Dungeon.
             The game lasted 00:30:24 (3761 turns).

mrath the Shield-Bearer (Minotaur Fighter)          Turns: 3761, Time: 00:30:24

Health: 0/61       AC:  9    Str: 22    XL:     7   Next: 70%
Magic:  8/8        EV:  9    Int:  6    God:
Gold:   211        SH: 10    Dex:  9    Spells: 0 memorised, 6 levels left

rFire  + . .     SeeInvis .     a - +0 war axe
rCold  + . .     Clarity  .     b - +0 scale mail
rNeg   . . .     SustAt   .     c - +0 shield
rPois  +         Gourm    .     (helmet restricted)
rElec  +         Spirit   .     j - +1 cloak
rCorr  +         Warding  .     (no gloves)
rMut   .         Stasis   .     (no boots)
MR     .....                    (no amulet)
Stlth  ..........               (no ring)
                                (no ring)

@: lethally poisoned (0 -> -36), resistant, very slightly contaminated,
invisible, not resistant to hostile enchantments, extremely unstealthy
A: retaliatory headbutt, horns 2
a: no special abilities


You were on level 3 of the Dungeon.
You were not hungry.

You visited 1 branch of the dungeon, and saw 3 of its levels.

You collected 211 gold pieces.

Inventory:

Hand Weapons
 a - a +0 war axe (weapon)
 s - a +0 hunting sling
 v - a +3 spear
 D - a +3 whip
Missiles
 g - 179 stones (quivered)
 i - 16 sling bullets
 u - 11 sling bullets of frost
 E - a throwing net
Armour
 b - a +0 scale mail (worn)
 c - a +0 shield (worn)
 j - a +1 cloak (worn)
Jewellery
 n - a +3 ring of slaying {unknown}
 y - a +3 ring of intelligence {unknown}
Wands
 p - a wand of digging (8)
Scrolls
 d - a scroll of teleportation {unknown}
 m - a scroll of enchant armour {unknown}
 q - 2 scrolls of remove curse {unknown}
 t - a scroll of magic mapping {unknown}
 w - a scroll of enchant weapon {unknown}
 x - 2 scrolls of recharging {unknown}
 B - a scroll of random uselessness {unknown}
Potions
 o - a potion of poison
 r - 2 potions of invisibility
 z - a potion of berserk rage {unknown}
 A - a potion of heal wounds {unknown}
 C - a potion of might
Comestibles
 e - 2 bread rations
 h - 5 chunks of flesh
 k - a fruit
 l - 5 meat rations


   Skills:
 + Level 5.6 Fighting
 + Level 5.0 Axes
 + Level 5.0 Armour
 + Level 3.6 Dodging
 + Level 5.8 Shields
 + Level 2.9 Evocations


You had 6 spell levels left.
You didn't know any spells.

Dungeon Overview and Level Annotations

Branches:
Dungeon (3/15)

Altars:
Gozag
Ru
Yredelemnul


Innate Abilities, Weirdness & Mutations

You reflexively headbutt those who attack you in melee.
You have a pair of horns on your head.


Message History

* * * LOW HITPOINT WARNING * * *
You feel sick.
There is an open door here.
* * * LOW HITPOINT WARNING * * *
You feel very sick.
Drink which item? (? for menu, Esc to quit)
It was a potion of invisibility.
You fade into invisibility!
* * * LOW HITPOINT WARNING * * *
You feel sick.
You are very lightly contaminated with residual magic.
Drink which item? (? for menu, Esc to quit)
It was a potion of poison.
That liquid tasted very nasty...
You are more poisoned.
* * * LOW HITPOINT WARNING * * *
You feel very sick.
Drink which item? (? for menu, Esc to quit)
It was a potion of resistance.
You feel protected.
You die...

...'...)...# #.#.≈≈≈....#
##########'#####.#.≈≈≈....#
...#.......#.....#.≈≈≈..P.#
≈≈.........#.....#.≈≈≈)...#
≈≈.........#''##.#.≈≈≈....#
...#...........#)#.≈≈≈....#
...########....#)#.≈≈≈....#
##...# .'....#'###≈≈....#
################@..#≈≈....#
...............#...#≈≈....#
g≈≈≈≈≈≈≈≈≈≈≈≈≈≈#####≈≈....#
≈≈≈≈≈≈≈≈≈≈≈≈≈≈≈≈≈≈≈≈≈≈....#
≈≈≈≈≈≈≈≈≈≈≈≈≈≈≈≈≈≈≈≈≈≈....#
...........P..............#
...................P......#
###########################


There were no monsters in sight!

Vanquished Creatures
  A sky beast (D:3)
  A phantom (D:3)
  A gnoll sergeant (D:3)
  4 gnoll shamans (D:3)
  An orc wizard (D:2)
  36 gnolls (D:3)
  An ooze (D:2)
  2 worms
  A giant gecko (D:1)
  An orc (D:3)
  8 bats
  4 giant cockroaches
  17 goblins
  7 hobgoblins
  26 jackals
  2 giant newts (D:2)
  10 kobolds
  6 rats
129 creatures vanquished.

Notes
Turn   | Place    | Note
--------------------------------------------------------------
     0 | D:1      | mrath the Minotaur Fighter began the quest for the Orb.
     0 | D:1      | Reached XP level 1. HP: 19/19 MP: 0/0
   288 | D:1      | Reached skill level 1 in Dodging
   288 | D:1      | Reached XP level 2. HP: 27/27 MP: 1/1
   756 | D:1      | Reached XP level 3. HP: 30/33 MP: 2/2
   850 | D:2      | Found a sacrificial altar of Ru.
   859 | D:2      | Reached skill level 4 in Fighting
   923 | D:2      | Found a basalt altar of Yredelemnul.
   966 | D:2      | Reached XP level 4. HP: 35/40 MP: 3/3
  1077 | D:2      | Found an opulent altar of Gozag.
  1157 | D:2      | Reached skill level 1 in Evocations
  1703 | D:3      | Noticed a phantom
  1958 | D:3      | Killed a phantom
  1958 | D:3      | Reached XP level 5. HP: 42/47 MP: 5/5
  2400 | D:3      | Noticed a sky beast
  2430 | D:3      | Killed a sky beast
  2430 | D:3      | Reached XP level 6. HP: 22/53 MP: 6/6
  2787 | D:3      | Reached skill level 5 in Shields
  2793 | D:3      | Reached skill level 5 in Fighting
  2921 | D:3      | Reached XP level 7. HP: 44/61 MP: 7/7
  3681 | D:3      | Reached skill level 5 in Axes
  3749 | D:3      | Reached skill level 5 in Armour
  3760 | D:3      | HP: 3/61 [poison (a potion of poison)]
  3761 | D:3      | Succumbed to poison (a potion of poison)

Vault maps used:
D:1:      dpeg_arrival_stonehenge_8_columns
D:2:      nicolae_ru_great_annihilating_truth, lemuel_crystal_altar,
          grunt_gozag_breadcrumbs
D:3:      lemuel_castle_with_subvaults, first_bread

Action                   |  1- 3 |  4- 6 |  7- 9 || total
-------------------------+-------+-------+-------++-------
Melee: War axe           |    74 |   159 |    91 ||   324
 Fire: Hunting sling     |       |     4 |       ||     4
Throw: Stone             |     2 |     3 |    12 ||    17
  Use: Potion            |       |     1 |     3 ||     4
  Eat: Chunk             |       |     6 |     3 ||     9
       Fruit             |       |     1 |       ||     1
